 Dungeon Crawl Stone Soup version bcrawl-1.12.2 (webtiles) character file.

Game seed: 5979646404311858302

11 Ebbett the Stinger (level 2, 0/17 HPs)
             Began as a Fairy Venom Mage on July 23, 2019.
             Slain by a goblin
             ... wielding a +0 dagger
              (1 damage)
             ... on level 1 of the Dungeon.
             The game lasted 00:01:19 (273 turns).

Ebbett the Stinger (Fairy Venom Mage)                Turns: 273, Time: 00:01:20

Health: 0/17       AC:  3    Str:  6    XL:     2   Next: 29%
Magic:  8/8        EV: 16    Int: 18    God:
Gold:   0          SH:  3    Dex: 12    Spells: 6/7 levels left

rFire    . . .     SeeInvis .   e - +2 dagger (venom)
rCold    . . .     Gourm    .   (shield restricted)
rNeg     . . .     Faith    .   (armour unavailable)
rPois    .         Spirit   .   (no helmet)
rElec    .         Reflect  .   (no cloak)
rCorr    .         Harm     .   (no gloves)
MR       .....                  (no boots)
Stlth    +.........             (no amulet)
HPRegen  0.05/turn              (no ring)
MPRegen  0.11/turn              (no ring)

@: flying evasively
A: small, magic attunement, unstealthy, unfitting armour, able to fly, AC/SH +3
a: Stop Flying


You were on level 1 of the Dungeon.
You were not hungry.

You visited 1 branch of the dungeon, and saw 1 of its levels.

Inventory:

Hand Weapons
 e - a +2 dagger of venom (weapon)
Scrolls
 a - a scroll of remove curse {unknown}
Potions
 b - a potion of berserk rage
 c - a potion of degeneration
Comestibles
 d - 2 rations {!d}


   Skills:
 + Level 2.9 Dodging
 + Level 1.5 Stealth
 + Level 0.2 Unarmed Combat
 + Level 3.2 Spellcasting
 + Level 1.2 Conjurations
 + Level 3.8 Poison Magic


You had 6 spell levels left.
You knew the following spells:

 Your Spells              Type           Power        Failure   Level  Hunger
a - Sting                 Conj/Pois      ##..         5%          1    None

Your spell library contained the following spells:

 Spells                   Type           Power        Failure   Level  Hunger
 Poisonous Vapours        Pois/Air       #.....       11%         2    None
 Ignite Poison            Fire/Tmut/Pois #.......     28%         3    None
 Olgreb's Toxic Radiance  Pois           ###.....     32%         4    None
 Summon Scorpions         Summ/Pois      #.......     58%         4    None
 Venom Bolt               Conj/Pois      ##........   83%         5    None


Dungeon Overview and Level Annotations

Branches:
Dungeon (1/12)

Altars:


Innate Abilities, Weirdness & Mutations

Your spells do not cause hunger and MP costs are reduced by 1.
Your bright wings attract enemies. (Stealth-)
You cannot fit into any form of body armour.
Your shimmering scales are hard and can block incoming attacks. (AC +3, SH +3)
You are small and have problems with some larger weapons.
You can fly continuously.


Message History

You kill the kobold!
The goblin closely misses you.
The frilled lizard bites you but does no damage.
The goblin hits you with a +0 dagger.
* * * LOW HITPOINT WARNING * * *
Found a ration.
The goblin barely misses you.
You hit the frilled lizard.
You kill the frilled lizard!
The goblin hits you but does no damage. The goblin hits you but does no damage.
The goblin hits you with a +0 dagger.
* * * LOW HITPOINT WARNING * * *
You reach down and open the door.
The goblin misses you. The goblin hits you but does no damage.
You block the goblin's attack. The goblin hits you but does no damage.
You block the goblin's attack. The goblin hits you with a +0 dagger.
You die...

........#.........#
.........#.........#
#........#.........#
#........'.........#
#.......†#.........#
#........#.........#
#..$.....#....†....#
##......g.#.........#
.....!>.@.'.(.......
.........##.........
.%.......##.........
####+##### .... ...
##


You could see a goblin.

Vanquished Creatures
  2 giant cockroaches (D:1)
  2 bats (D:1)
  2 frilled lizards (D:1)
  3 kobolds (D:1)
  3 rats (D:1)
12 creatures vanquished.

Vanquished Creatures (others)
  7 toadstools (D:1)
7 creatures vanquished.

Grand Total: 19 creatures vanquished

Notes
Turn   | Place    | Note
-------+----------+-------------------------------------------
     0 | D:1      | Ebbett the Fairy Venom Mage began the quest for the Orb.
     0 | D:1      | Reached XP level 1. HP: 11/11 MP: 6/6
   161 | D:1      | Reached XP level 2. HP: 17/17 MP: 8/8
   273 | D:1      | Slain by a goblin

Skill      XL: |  1 |
---------------+----+-----
Spellcasting   | 3 |  3.2
Dodging        | |  2.9
Stealth        | |  1.5
Unarmed Combat | |  0.2
Conjurations   | |  1.2
Poison Magic   | |  3.8

Action                   || total
-------------------------++-------
Melee: Unarmed           ||    47
       Dagger            ||     2
 Cast: Sting             ||    11
Armor: Skin              ||    21
Dodge: Dodged            ||    47
Block: Other             ||     8
